 Dungeon Crawl Stone Soup version 0.26-a0-652-gafc20e3620 (webtiles) character file.

Game seed: 15666223390781012872

3105 grandjackal the Skirmisher (level 9, 0/79 HPs)
             Began as a Green Draconian Hedge Wizard on Oct 2, 2020.
             Was a Believer of Qazlal.
             Killed from afar by a ynoxinul (34 damage)
             ... with an iron shot
             ... on level 3 of the Abyss.
             The game lasted 00:19:10 (9716 turns).

grandjackal the Skirmisher (DrWz)                   Turns: 9716, Time: 00:19:11

Health: 0/79       AC: 13    Str: 13    XL:     9   Next: 60%
Magic:  13/13      EV: 14    Int: 18    God:    Qazlal [**....]
Gold:   318        SH:  2    Dex: 10    Spells: 5/14 levels left

rFire    . . .     SeeInvis .   a - +2 dagger (drain)
rCold    . . .     Faith    .   (no shield)
rNeg     . . .     Spirit   .   (armour unavailable)
rPois    +         Reflect  .   b - +1 hat
rElec    .         Harm     .   g - +0 cloak
rCorr    .         Rampage  .   (no gloves)
MR       .....                  (no boots)
Stlth    +.........             A - amulet of regeneration
HPRegen  0.63/turn              y - ring of flight
MPRegen  0.13/turn              D - +4 ring of protection

@: about to teleport
A: breathe noxious fumes, unfitting armour, poison resistance, cold-blooded, AC
+7
a: Breathe Noxious Fumes, Upheaval, Renounce Religion, Evoke Flight


You were on level 3 of the Abyss.
You worshipped Qazlal.
Qazlal was pleased with you.
You visited 2 branches of the dungeon, and saw 9 of its levels.
You visited the Abyss 1 time.
You also visited: Sewer.

You collected 318 gold pieces.

Inventory:

Hand Weapons
 a - a +2 dagger of draining (weapon)
 k - a +1 vampiric short sword
 u - a +1 spear of flaming
 G - a +0 quick blade
Missiles
 j - a throwing net (quivered)
Armour
 b - a +1 hat (worn)
 g - a +0 cloak (worn)
 w - a +1 hat
Magical Staves
 F - an uncursed staff of poison {unknown}
Jewellery
 h - an uncursed ring of fire
 y - a ring of flight (left hand)
 A - an amulet of regeneration (around neck)
 D - a +4 ring of protection (right hand)
 E - an uncursed amulet of the acrobat {unknown}
Scrolls
 f - a scroll of noise
 l - a scroll of enchant armour
 m - 11 scrolls of identify {unknown}
 n - a scroll of remove curse
 q - a scroll of random uselessness {unknown}
 r - 4 scrolls of teleportation
 v - 3 scrolls of magic mapping {unknown}
 C - a scroll of amnesia {unknown}
Potions
 c - 2 potions of heal wounds {unknown}
 d - 3 potions of magic {unknown}
 i - a potion of invisibility {unknown}
 o - 2 potions of degeneration {unknown}
 p - 2 potions of haste {unknown}
 s - 2 potions of berserk rage {unknown}
 t - 6 potions of curing
 x - a potion of stabbing {unknown}
 z - 4 potions of might
 B - a potion of flight {unknown}


   Skills:
 + Level 7.0 Fighting
 + Level 6.2 Dodging
 - Level 1.7 Stealth
 - Level 3.0 Spellcasting
 - Level 5.2 Conjurations
   Level 1.0 Summonings
 - Level 4.1 Translocations
 + Level 3.7 Air Magic
 + Level 4.8 Poison Magic
 + Level 4.3 Invocations


You had 5 spell levels left.
You knew the following spells:

 Your Spells              Type           Power        Failure   Level
a - Magic Dart            Conj           ###.         1%          1
b - Mephitic Cloud        Conj/Pois/Air  ###.....     8%          3
c - Conjure Flame         Conj/Fire      ##......     17%         3
d - Blink                 Tloc           N/A          4%          2

Your spell library contained the following spells:

 Spells                   Type           Power        Failure   Level
 Beastly Appendage        Tmut           #.....       16%         1
 Call Imp                 Summ           #.......     16%         2
 Spider Form              Tmut/Pois      ##........   19%         3
 Slow                     Hex            #.......     24%         2
 Wereblood                Tmut           #.......     24%         2
 Ice Form                 Ice/Tmut       #.......     85%         4
 Blade Hands              Tmut           #.........   99%         5


Dungeon Overview and Level Annotations

Branches:
Dungeon (8/15)             Temple (1/1) D:6           Sewer (visited)
   Lair: D:8-11

Altars:
Ashenzari
Dithmenos
Fedhas
Gozag
Hepliaklqana
Kikubaaqudgha
Makhleb
Okawaru
Qazlal
Sif Muna
Uskayaw
Vehumet
Wu Jian
Zin
The Shining One

Shops:
D:6 [

Annotations:
D:8 Maggie, Psyche


Innate Abilities, Weirdness & Mutations

You can breathe blasts of noxious fumes.
Your lurid green scales are hard. (AC +7)
You cannot fit into any form of body armour.
Your system is resistant to poisons. (rPois)
You are cold-blooded and may be slowed by cold attacks.


Message History

The white draconian annihilator blinks!
You block the ufetubus's attack. The ufetubus misses you.
The quicksilver dragon misses you.
The quicksilver dragon claws you but does no damage.
The smoke demon gestures at you. Something smites you!
The ynoxinul is engulfed in freezing vapours.
The ynoxinul hits you.
The purple draconian shifter blinks!
The ufetubus barely misses you. You block the ufetubus's attack.
The ufetubus barely misses you. The ufetubus misses you.
Unknown command.
Unknown command.
The white draconian annihilator gestures wildly while chanting.
The white draconian annihilator blinks!
You block the ufetubus's attack.
The ufetubus hits you but does no damage.
The smoke demon gestures at you. Something smites you!
The ynoxinul is engulfed in freezing vapours.
The ynoxinul gestures at you. The iron shot hits you!!
You die...

##+###
#+######. ..##
##....##......#
#..5.5.#......#
#.○3D3..d.....#
#..@5..#..§. q#
##....###.#..#
###### ######


You could see a quicksilver dragon (catching breath), a draconian, a smoke
demon, a ynoxinul and 3 ufetubi.

Vanquished Creatures
  Prince Ribbit (D:7)
  Edmund (D:4)
  Duvessa (D:7)
  An orc warrior (D:8)
  5 sky beasts
  An ogre (D:3)
  3 centaurs
  6 big kobolds (Abyss:2)
  2 bullfrogs
  Dowan (D:7)
  A scorpion (D:6)
  3 killer bees (D:7)
  A quasit (D:7)
  A centaur skeleton (D:7)
  A jelly (D:7)
  A bullfrog skeleton (D:4)
  5 orc priests
  2 hounds (D:5)
  7 orc wizards
  An iguana (D:7)
  6 worker ants
  A hound zombie (D:5)
  A hound skeleton (D:5)
  17 gnolls
  4 adders
  2 shadow imps (D:7)
  3 white imps
  3 ufetubi
  An ooze (D:1)
  2 worms
  2 dart slugs
  10 leopard geckos
  27 orcs
  6 giant cockroaches
  8 goblins
  4 hobgoblins
  6 jackals (Sewer)
  4 quokkas
  7 ball pythons
  5 bats
  10 frilled lizards
  14 kobolds
  6 rats
194 creatures vanquished.

Vanquished Creatures (others)
  4 plants (Sewer)
  4 starspawn tentacles (Abyss:2)
8 creatures vanquished.

Grand Total: 202 creatures vanquished

Notes
Turn   | Place    | Note
-------+----------+-------------------------------------------
     0 | D:1      | grandjackal the Draconian Hedge Wizard began the quest for
                  | the Orb.
     0 | D:1      | Reached XP level 1. HP: 14/14 MP: 4/4
   470 | D:1      | Reached skill level 1 in Fighting
   470 | D:1      | Reached XP level 2. HP: 22/23 MP: 0/6
  1409 | D:1      | Reached XP level 3. HP: 28/28 MP: 7/7
  1421 | D:1      | Learned a level 3 spell: Mephitic Cloud
  1464 | D:1      | Learned a level 3 spell: Conjure Flame
  1930 | D:2      | Reached skill level 2 in Fighting
  2113 | D:2      | Reached XP level 4. HP: 36/36 MP: 8/8
  2362 | D:2      | You fall into a shaft and drop 2 floors!
  2883 | D:2      | Learned a level 2 spell: Blink
  3342 | D:4      | Found a broken altar of Ashenzari.
  3358 | D:4      | Reached XP level 5. HP: 44/44 MP: 4/9
  3607 | D:4      | Reached skill level 3 in Fighting
  3607 | D:4      | Noticed an ogre
  3935 | D:4      | Noticed Edmund
  3937 | D:4      | Found a glowing golden altar of the Shining One.
  3967 | D:4      | Killed Edmund
  3967 | D:4      | Reached XP level 6. HP: 39/51 MP: 8/10
  5189 | D:3      | Reached skill level 4 in Fighting
  5192 | D:3      | Your scales start taking on a lurid green colour.
  5192 | D:3      | Reached XP level 7. HP: 33/59 MP: 11/11
  5192 | D:3      | Gained mutation: Your system is resistant to poisons.
                  | (rPois) [Green Draconian growth]
  5393 | D:5      | Entered Level 5 of the Dungeon
  6009 | D:5      | Reached skill level 5 in Fighting
  6032 | D:5      | Reached XP level 8. HP: 65/68 MP: 6/12
  6052 | D:5      | Found an iron altar of Okawaru.
  6133 | D:5      | Found an ornate altar of the Wu Jian Council.
  6347 | D:5      | Identified the +2 flail "Gaxzul" {chaos, rF+ rC- Str+8}
  6505 | D:6      | Reached skill level 5 in Conjurations
  6520 | D:6      | Found a staircase to the Ecumenical Temple.
  6529 | Temple   | Entered the Ecumenical Temple
  6585 | Temple   | Became a worshipper of Qazlal Stormbringer
  6617 | D:6      | Found Uheanup's Armour Shop.
  6658 | D:6      | Found a glowing drain.
  6667 | Sewer    | Entered a sewer
  6881 | Sewer    | Reached skill level 1 in Poison Magic
  7317 | D:6      | Reached skill level 5 in Dodging
  7345 | D:6      | Reached * piety under Qazlal
  7345 | D:6      | Reached skill level 1 in Invocations
  7652 | D:6      | Found a glowing golden altar of the Shining One.
  8161 | D:7      | Reached skill level 1 in Air Magic
  8412 | D:7      | Noticed Prince Ribbit
  8444 | D:7      | Killed Prince Ribbit
  8444 | D:7      | Reached skill level 6 in Fighting
  8472 | D:7      | Reached XP level 9. HP: 39/75 MP: 13/13
  9039 | D:7      | Noticed Duvessa
  9041 | D:7      | Noticed Dowan
  9058 | D:7      | Killed Duvessa
  9074 | D:7      | Killed Dowan
  9363 | D:7      | Found a hazy altar of Hepliaklqana.
  9422 | D:7      | Found a shadowy altar of Dithmenos.
  9623 | D:8      | Reached ** piety under Qazlal
  9631 | D:8      | Noticed Psyche
  9637 | D:8      | Noticed Maggie
  9642 | D:8      | Cast into level 1 of the Abyss (Psyche)
  9671 | Abyss:2  | Found a corrupted altar of Lugonu.
  9689 | Abyss:2  | Reached skill level 7 in Fighting
  9694 | Abyss:2  | Noticed a tentacled starspawn
  9710 | Abyss:3  | Noticed a white draconian annihilator
  9710 | Abyss:3  | Noticed a quicksilver dragon
  9710 | Abyss:3  | Noticed a draconian
  9710 | Abyss:3  | Noticed a smoke demon
  9710 | Abyss:3  | Noticed a purple draconian shifter
  9710 | Abyss:3  | Noticed a draconian
  9716 | Abyss:3  | Killed from afar by a ynoxinul

Illustrated notes

Levels and vault maps discovered:
D:1:      wander_arrival_peaceful_grave, layout_basic
D:2:      layout_basic
D:3:      layout_basic
D:4:      layout_rooms, nicolae_ashenzari_panopticon, lemuel_tele_altar,
          uniq_edmund
D:5:      layout_basic, marbit_many_paths, basic_altar
D:6:      layout_basic, kennysheep_little_box, minmay_temple_entry_antechambers,
          serial_shops, shop, portal_sewer_entry_f
D:7:      layout_loops_ring, riverfiend_overflow_shadow_ancestor,
          uniq_prince_ribbit1, uniq_duvessa
D:8:      layout_loops_ring, uniq_psyche, uniq_maggie, uniq_joseph
Temple:   jpeg_temple_alley_garden
Abyss:3:  base: D:2, gammafunk_abyss_rune_reverse_zot

Skill      XL: |  1  2  3  4  5  6  7  8  9 |
---------------+----------------------------+-----
Dodging        | 2 3 4 5 6 |  6.2
Fighting       | 1 2 3 4 5 6 7 |  7.0
Conjurations   | 2 3 4 5 |  5.2
Translocations | 2 4 |  4.1
Poison Magic   | 3 4 |  4.8
Invocations    | 2 4 |  4.3
Air Magic      | 2 3 |  3.7
Stealth        | |  1.7
Spellcasting   | |  3.0
Summonings     | |  1.0

Action                   |  1- 3 |  4- 6 |  7- 9 || total
-------------------------+-------+-------+-------++-------
Melee: Dagger            |    78 |   187 |   648 ||   913
       Short sword       |     5 |       |       ||     5
       Tailslap          |     2 |    24 |    47 ||    73
 Cast: Magic Dart        |    67 |     9 |    25 ||   101
       Blink             |       |     2 |     8 ||    10
       Conjure Flame     |       |     2 |       ||     2
       Mephitic Cloud    |       |     2 |       ||     2
 Abil: Breathe Noxious F |       |       |    13 ||    13
Evoke: Wand              |       |       |     5 ||     5
  Use: Scroll            |       |       |     5 ||     5
 Stab: Sleeping          |       |       |     4 ||     4
       Distracted        |       |       |     1 ||     1
       Confused          |       |       |     7 ||     7
Armor: Skin              |    28 |    42 |   263 ||   333
Dodge: Dodged            |    51 |   102 |   538 ||   691
Block: Other             |       |       |    25 ||    25

Table legend: (Time is in decaauts)
 A = Elapsed time spent in this place.
 B = Non-inter-level travel time spent in this place.
 C = Inter-level travel time spent in this place.
 D = Time resting spent in this place.
 E = Time spent auto-exploring this place.
 F = Levels seen in this place.
 G = Mean time per level.
                   A        B        C        D        E       F      G
               +--------+--------+--------+--------+--------+-----+--------+
         Total |   9886 |   9386 |    500 |   2355 |   4484 |  13 |  760.5 |
       Dungeon |   8979 |   8504 |    475 |   2355 |   3962 |   8 | 1122.4 |
        Temple |     81 |     56 |     25 |      0 |      0 |   1 |   81.0 |
         Abyss |     73 |     73 |      0 |      0 |      0 |   3 |   24.3 |
         Sewer |    752 |    752 |      0 |      0 |    522 |   1 |  752.0 |
               +--------+--------+--------+--------+--------+-----+--------+

Top non-repeatable levels by time:
     D:4: 1802 daAuts
     D:1: 1556 daAuts
     D:6: 1268 daAuts
     D:3: 1156 daAuts
     D:7: 1099 daAuts
     D:5: 1086 daAuts
     D:2: 880 daAuts
   Sewer: 752 daAuts
     D:8: 130 daAuts
  Temple: 81 daAuts
 Abyss:2: 54 daAuts
 Abyss:1: 12 daAuts
 Abyss:3: 5 daAuts
